| TOP OF THE 1ST |
|
Corpus Christi Hooks batting - Pitching for Bowie Baysox : RHP Nick Hoag
|
|
Pitching: RHP Nick Hoag
|
|
|
Batting: LHB Jose Chavez
|
0-0: Ball 1-0: Called Strike 1-1: Foul Ball, location: 2F 1-2: Strikes out looking
|
|
Batting: RHB Lamar Thornton
|
0-0: Foul Ball, location: 2F 0-1: Ball 1-1: Foul Ball, location: 2F 1-2: Ground out 5-3 (Groundball, 15, EV 83.1 MPH)
|
|
Batting: RHB Duncan Collins
|
0-0: Called Strike 0-1: Called Strike 0-2: Strikes out swinging
|
| Top of the 1st over - 0 runs, 0 hits, 0 errors, 0 left on base; Corpus Christi 0 - Bowie 0 |
| BOTTOM OF THE 1ST |
|
Bowie Baysox batting - Pitching for Corpus Christi Hooks : LHP Mike Holloway
|
|
Pitching: LHP Mike Holloway
|
|
|
Batting: RHB Wes Reynolds
|
0-0: Called Strike 0-1: Swinging Strike 0-2: Ball 1-2: Strikes out swinging
|
|
Batting: RHB Daniel Jackson
|
0-0: Ball 1-0: Ball 2-0: Called Strike 2-1: Fly out, F1 (Line Drive, P, EV 69.4 MPH)
|
|
Batting: RHB Jonathan Mendoza
|
0-0: Ball 1-0: Reached on error, E6 (Groundball, 6, EV 110.0 MPH)
|
|
Batting: SHB Chris Wright
|
0-0: Called Strike 0-1: Foul Ball, location: 2F 0-2: Fly out, F8 (Flyball, 8RS, EV 76.9 MPH)
|
| Bottom of the 1st over - 0 runs, 0 hits, 1 error, 1 left on base; Corpus Christi 0 - Bowie 0 |
| TOP OF THE 2ND |
|
Corpus Christi Hooks batting - Pitching for Bowie Baysox : RHP Nick Hoag
|
|
Batting: LHB Bob Dietz
|
0-0: Called Strike 0-1: Ball 1-1: Ball 2-1: Swinging Strike 2-2: Strikes out looking
|
|
Batting: RHB Jesus Malave
|
0-0: Ball 1-0: Ball 2-0: Fly out, F8 (Flyball, 78XD, EV 102.5 MPH)
|
|
Batting: RHB Alex Campos
|
0-0: Ball 1-0: Called Strike 1-1: Ball 2-1: Foul Ball, location: 2F 2-2: Strikes out swinging
|
| Top of the 2nd over - 0 runs, 0 hits, 0 errors, 0 left on base; Corpus Christi 0 - Bowie 0 |
| BOTTOM OF THE 2ND |
|
Bowie Baysox batting - Pitching for Corpus Christi Hooks : LHP Mike Holloway
|
|
Batting: RHB Joe Young
|
0-0: Ball 1-0: Ball 2-0: Ground out 6-3 (Groundball, 56, EV 79.4 MPH)
|
|
Batting: RHB Alfredo Reguera
|
0-0: Foul Ball, location: 2F 0-1: Ball 1-1: Foul Ball, location: 2F 1-2: Strikes out swinging
|
|
Batting: RHB Josh Hopp
|
0-0: Foul Ball, location: 2F 0-1: Ball 1-1: Ground out 4-3 (Groundball, 4, EV 81.2 MPH)
|
| Bottom of the 2nd over - 0 runs, 0 hits, 0 errors, 0 left on base; Corpus Christi 0 - Bowie 0 |
| TOP OF THE 3RD |
|
Corpus Christi Hooks batting - Pitching for Bowie Baysox : RHP Nick Hoag
|
|
Batting: LHB Tomas de Zeeuw
|
0-0: Foul Ball, location: 2F 0-1: Ground out 4-3 (Groundball, 4, EV 90.6 MPH)
|
|
Batting: RHB Dustin Hartman
|
0-0: Ball 1-0: Called Strike 1-1: Ground out 5-3 (Groundball, 56S, EV 82.5 MPH)
|
|
Batting: RHB Dave Gallegos
|
0-0: Ball 1-0: Called Strike 1-1: Ball 2-1: Ground out U3 (Groundball, 13, EV 82.5 MPH)
|
| Top of the 3rd over - 0 runs, 0 hits, 0 errors, 0 left on base; Corpus Christi 0 - Bowie 0 |
| BOTTOM OF THE 3RD |
|
Bowie Baysox batting - Pitching for Corpus Christi Hooks : LHP Mike Holloway
|
|
Batting: RHB Marquis Major
|
0-0: Foul Ball, location: 2F 0-1: Fly out, F8 (Flyball, 8RD, EV 88.8 MPH)
|
|
Batting: RHB Wil Ochoa
|
0-0: Fly out, F7 (Flyball, 7, EV 82.5 MPH)
|
|
Batting: RHB Wes Reynolds
|
0-0: Ball 1-0: Hit by Pitch
|
|
Batting: RHB Daniel Jackson
|
0-0: Called Strike 0-1: Ball 1-1: Called Strike 1-2: Foul Ball, location: 2F 1-2: Fly out, F8 (Flyball, 8RD, EV 89.4 MPH)
|
| Bottom of the 3rd over - 0 runs, 0 hits, 0 errors, 1 left on base; Corpus Christi 0 - Bowie 0 |
| TOP OF THE 4TH |
|
Corpus Christi Hooks batting - Pitching for Bowie Baysox : RHP Nick Hoag
|
|
Batting: LHB Jose Chavez
|
0-0: Called Strike 0-1: Ball 1-1: SINGLE (Line Drive, 7S, EV 88.8 MPH)
|
|
Batting: RHB Lamar Thornton
|
0-0: Called Strike 0-1: Swinging Strike 0-2: Strikes out looking
|
|
Batting: RHB Duncan Collins
|
0-0: Called Strike Jose Chavez steals 2nd base (no throw) 0-1: Ball 1-1: Ball 2-1: Foul Ball, location: 2F 2-2: Foul Ball, location: 2F 2-2: Strikes out swinging
|
|
Batting: LHB Bob Dietz
|
0-0: Called Strike 0-1: Ball 1-1: Ground out 4-3 (Groundball, 34D, EV 87.5 MPH)
|
| Top of the 4th over - 0 runs, 1 hit, 0 errors, 1 left on base; Corpus Christi 0 - Bowie 0 |
| BOTTOM OF THE 4TH |
|
Bowie Baysox batting - Pitching for Corpus Christi Hooks : LHP Mike Holloway
|
|
Batting: RHB Jonathan Mendoza
|
0-0: Foul Ball, location: 2F 0-1: Ball 1-1: Ball 2-1: Foul Ball, location: 2F 2-2: Foul Ball, location: 2F 2-2: Ground out 5-3 (Groundball, 5L, EV 103.1 MPH)
|
|
Batting: SHB Chris Wright
|
0-0: Ball 1-0: Called Strike 1-1: Foul Ball, location: 2F 1-2: Ground out 4-3 (Groundball, 4, EV 81.2 MPH)
|
|
Batting: RHB Joe Young
|
0-0: Called Strike 0-1: DOUBLE (Line Drive, 5D, EV 105.0 MPH)
|
|
Batting: RHB Alfredo Reguera
|
0-0: Ball 1-0: Ball 2-0: Ball 3-0: Base on Balls
|
|
Batting: RHB Josh Hopp
|
0-0: Called Strike 0-1: Called Strike 0-2: Ball 1-2: Reached on error, E4 (Groundball, 4, EV 86.2 MPH) Joe Young to third Alfredo Reguera to second
|
|
Batting: RHB Marquis Major
|
0-0: Called Strike 0-1: Ball 1-1: SINGLE (Line Drive, 7S, EV 90.0 MPH) Joe Young scores Alfredo Reguera to third Josh Hopp to second Runner from 3rd tries for Home, SAFE, throw by LF to home
|
|
Batting: RHB Wil Ochoa
|
0-0: Called Strike 0-1: Ball 1-1: Called Strike 1-2: Strikes out swinging
|
| Bottom of the 4th over - 2 runs, 2 hits, 1 error, 2 left on base; Corpus Christi 0 - Bowie 2 |
| TOP OF THE 5TH |
|
Corpus Christi Hooks batting - Pitching for Bowie Baysox : RHP Nick Hoag
|
|
Batting: RHB Jesus Malave
|
0-0: Called Strike 0-1: Foul Ball, location: 2F 0-2: Ball 1-2: Foul Ball, location: 2F 1-2: Ball 2-2: Ground out 5-3 (Groundball, 56, EV 100.6 MPH)
|
|
Batting: RHB Alex Campos
|
0-0: Ball 1-0: Fly out, F9 (Line Drive, 9, EV 87.5 MPH)
|
|
Batting: LHB Tomas de Zeeuw
|
0-0: SOLO HOME RUN (Flyball, 9D, EV 101.9 MPH), Distance : 377 ft
|
|
Batting: RHB Dustin Hartman
|
0-0: Foul Ball, location: 2F 0-1: SINGLE (Groundball, 6MD, EV 108.1 MPH)
|
|
Batting: RHB Dave Gallegos
|
0-0: SINGLE (Groundball, 56D, EV 106.9 MPH) Dustin Hartman to second
|
|
Batting: LHB Jose Chavez
|
0-0: Called Strike 0-1: Foul Ball, location: 2F 0-2: SINGLE (Groundball, P, EV 85.0 MPH) (infield hit) Dustin Hartman to third Dave Gallegos to second
|
|
Batting: RHB Lamar Thornton
|
0-0: Ball 1-0: Foul Ball, location: 2F 1-1: SINGLE (Groundball, 4MD, EV 103.8 MPH) Dustin Hartman scores Dave Gallegos to third Jose Chavez to second Runner from 3rd tries for Home, SAFE, throw by CF to home
|
|
Batting: RHB Duncan Collins
|
0-0: Ball 1-0: Called Strike 1-1: Foul Ball, location: 2F 1-2: Strikes out looking
|
| Top of the 5th over - 3 runs, 5 hits, 0 errors, 2 left on base; Corpus Christi 3 - Bowie 2 |
| BOTTOM OF THE 5TH |
|
Bowie Baysox batting - Pitching for Corpus Christi Hooks : LHP Mike Holloway
|
|
Batting: RHB Wes Reynolds
|
0-0: Swinging Strike 0-1: Called Strike 0-2: Foul Ball, location: 2F 0-2: Ground out 5-3 (Groundball, 15, EV 90.6 MPH)
|
|
Pitching: RHP Tony Valdez
|
|
|
Batting: RHB Daniel Jackson
|
0-0: Foul Ball, location: 2F 0-1: Foul Ball, location: 2F 0-2: Foul Ball, location: 2F 0-2: Fly out, F8 (Flyball, 8RM, EV 79.4 MPH)
|
|
Batting: RHB Jonathan Mendoza
|
0-0: Ground out 4-3 (Groundball, 4M, EV 100.0 MPH)
|
| Bottom of the 5th over - 0 runs, 0 hits, 0 errors, 0 left on base; Corpus Christi 3 - Bowie 2 |
| TOP OF THE 6TH |
|
Corpus Christi Hooks batting - Pitching for Bowie Baysox : RHP Nick Hoag
|
|
Batting: LHB Bob Dietz
|
0-0: Ball 1-0: Foul Ball, location: 2F 1-1: Ball 2-1: Foul Ball, location: 2F 2-2: Strikes out swinging
|
|
Batting: RHB Jesus Malave
|
0-0: Called Strike 0-1: Foul Ball, location: 2F 0-2: SOLO HOME RUN (Flyball, 7LD, EV 95.0 MPH), Distance : 345 ft
|
|
Batting: RHB Alex Campos
|
0-0: Called Strike 0-1: Ball 1-1: Ball 2-1: Ball 3-1: Base on Balls
|
|
Pitching: LHP Justin Hinton
|
|
|
Batting: LHB Tomas de Zeeuw
|
0-0: Called Strike 0-1: Ball 1-1: Fielders Choice at 2nd, 4-6 (Groundball, 4, EV 83.1 MPH)
|
|
Batting: RHB Dustin Hartman
|
0-0: Ball 1-0: Ball 2-0: Foul Ball, location: 2F 2-1: Foul Ball, location: 2F 2-2: Ball 3-2: Ground out 5-3 (Groundball, 56, EV 85.6 MPH)
|
| Top of the 6th over - 1 run, 1 hit, 0 errors, 1 left on base; Corpus Christi 4 - Bowie 2 |
| BOTTOM OF THE 6TH |
|
Bowie Baysox batting - Pitching for Corpus Christi Hooks : RHP Tony Valdez
|
|
Batting: SHB Chris Wright
|
0-0: Ball 1-0: Called Strike 1-1: Ball 2-1: Foul Ball, location: 2F 2-2: Foul Ball, location: 2F 2-2: Strikes out swinging
|
|
Batting: RHB Joe Young
|
0-0: Ball 1-0: Foul Ball, location: 2F 1-1: Foul Ball, location: 2F 1-2: Foul Ball, location: 2F 1-2: Ground out 6-3 (Groundball, 6, EV 83.8 MPH)
|
|
Batting: RHB Alfredo Reguera
|
0-0: Called Strike 0-1: Fly out, F7 (Flyball, 7, EV 85.6 MPH)
|
| Bottom of the 6th over - 0 runs, 0 hits, 0 errors, 0 left on base; Corpus Christi 4 - Bowie 2 |
| TOP OF THE 7TH |
|
Corpus Christi Hooks batting - Pitching for Bowie Baysox : LHP Justin Hinton
|
|
Batting: RHB Dave Gallegos
|
0-0: Called Strike 0-1: Foul Ball, location: 2F 0-2: Foul Ball, location: 2F 0-2: Strikes out swinging
|
|
Batting: LHB Jose Chavez
|
0-0: Ball 1-0: Foul Ball, location: 2F 1-1: Called Strike 1-2: Strikes out swinging
|
|
Batting: RHB Lamar Thornton
|
0-0: TRIPLE (Line Drive, 89XD, EV 103.8 MPH)
|
|
Batting: RHB Duncan Collins
|
0-0: Intentional Walk
|
|
Batting: LHB Bob Dietz
|
0-0: Fly out, F9 (Flyball, 89D, EV 88.8 MPH)
|
| Top of the 7th over - 0 runs, 1 hit, 0 errors, 2 left on base; Corpus Christi 4 - Bowie 2 |
| BOTTOM OF THE 7TH |
|
Bowie Baysox batting - Pitching for Corpus Christi Hooks : RHP Tony Valdez
|
|
Pitching: RHP Bill Garcia
|
|
|
Batting: RHB Josh Hopp
|
0-0: Ball 1-0: Foul Ball, location: 2F 1-1: Foul Ball, location: 2F 1-2: Ball 2-2: Ball 3-2: Foul Ball, location: 2F 3-2: Base on Balls
|
|
Batting: RHB Marquis Major
|
0-0: Called Strike Josh Hopp is caught stealing 2nd base 2-4 0-1: Ball 1-1: Fly out, F9 (Flyball, 9S, EV 91.2 MPH)
|
|
Batting: RHB Wil Ochoa
|
0-0: Ball 1-0: Called Strike 1-1: Called Strike 1-2: Foul Ball, location: 2F 1-2: Foul Ball, location: 2F 1-2: Foul Ball, location: 2F 1-2: Strikes out looking
|
| Bottom of the 7th over - 0 runs, 0 hits, 0 errors, 0 left on base; Corpus Christi 4 - Bowie 2 |
| TOP OF THE 8TH |
|
Corpus Christi Hooks batting - Pitching for Bowie Baysox : LHP Justin Hinton
|
|
Batting: RHB Jesus Malave
|
0-0: Ball 1-0: Ball 2-0: Called Strike 2-1: Swinging Strike 2-2: Ball 3-2: Strikes out swinging
|
|
Batting: RHB Alex Campos
|
0-0: Ball 1-0: Ground out 1-3 (Groundball, 34S, EV 73.8 MPH)
|
|
Batting: LHB Tomas de Zeeuw
|
0-0: Ground out 4-3 (Groundball, 4, EV 82.5 MPH)
|
| Top of the 8th over - 0 runs, 0 hits, 0 errors, 0 left on base; Corpus Christi 4 - Bowie 2 |
| BOTTOM OF THE 8TH |
|
Bowie Baysox batting - Pitching for Corpus Christi Hooks : RHP Bill Garcia
|
|
Pitching: RHP Bill Couch
|
|
|
Now at 1B: Yi-lin Niu
|
|
|
Now in LF: Tomas de Zeeuw
|
|
|
Batting: RHB Wes Reynolds
|
0-0: Ball 1-0: Ball 2-0: SINGLE (Flyball, 78S, EV 90.0 MPH)
|
|
Batting: RHB Daniel Jackson
|
0-0: Called Strike 0-1: SINGLE (Flyball, 78S, EV 96.2 MPH) Wes Reynolds to second
|
|
Batting: RHB Jonathan Mendoza
|
0-0: Called Strike 0-1: Foul Ball, location: 2F 0-2: Strikes out looking
|
|
Batting: SHB Chris Wright
|
0-0: Called Strike 0-1: Foul Ball, location: 2F 0-2: Strikes out swinging
|
|
Batting: RHB Joe Young
|
0-0: Called Strike 0-1: Swinging Strike 0-2: Ball 1-2: Ball 2-2: Strikes out swinging
|
| Bottom of the 8th over - 0 runs, 2 hits, 0 errors, 2 left on base; Corpus Christi 4 - Bowie 2 |
| TOP OF THE 9TH |
|
Corpus Christi Hooks batting - Pitching for Bowie Baysox : LHP Justin Hinton
|
|
Pitching: RHP Manny Rolfe
|
|
|
Batting: RHB Dustin Hartman
|
0-0: Ball 1-0: Called Strike 1-1: Ball 2-1: Ball 3-1: Foul Ball, location: 2F 3-2: Foul Ball, location: 2F 3-2: SINGLE (Groundball, 56D, EV 98.8 MPH)
|
|
Batting: RHB Dave Gallegos
|
0-0: Called Strike Dustin Hartman steals 2nd base 0-1: Ground out 4-3 (Groundball, 34, EV 91.9 MPH) Dustin Hartman to third
|
|
Batting: LHB Jose Chavez
|
0-0: Called Strike 0-1: Called Strike 0-2: Ball 1-2: Foul Ball, location: 2F 1-2: Strikes out swinging
|
|
Batting: RHB Lamar Thornton
|
0-0: Called Strike 0-1: Ball 1-1: Called Strike 1-2: SINGLE (Groundball, 6D, EV 103.8 MPH) Dustin Hartman scores
|
|
Batting: RHB Duncan Collins
|
0-0: Fly out, F8 (Flyball, 8RD, EV 102.5 MPH)
|
| Top of the 9th over - 1 run, 2 hits, 0 errors, 1 left on base; Corpus Christi 5 - Bowie 2 |
| BOTTOM OF THE 9TH |
|
Bowie Baysox batting - Pitching for Corpus Christi Hooks : RHP Bill Couch
|
|
Pitching: RHP Bobby Leija
|
|
|
Batting: RHB Alfredo Reguera
|
0-0: Called Strike 0-1: Swinging Strike 0-2: Strikes out looking
|
|
Batting: RHB Josh Hopp
|
0-0: Called Strike 0-1: Swinging Strike 0-2: Strikes out looking
|
|
Batting: RHB Marquis Major
|
0-0: Called Strike 0-1: Ball 1-1: Ball 2-1: Called Strike 2-2: Strikes out swinging
|
| Bottom of the 9th over - 0 runs, 0 hits, 0 errors, 0 left on base; Corpus Christi 5 - Bowie 2 |
|